AoeStats
← RIO1000

Marketplace

506416771Analyzed
1v1 RM · 20d ago on Sep 13, 2026· 30m 7s· 2 players
Game mode
Random Map
Map size
Tiny (2 player)
Population
200
Speed
Normal
Resources
Standard
Victory
Conquest
Starting age
Dark Age
Ending age
Imperial Age
RankedLock teamsTeams togetherTeam positionsShared explorationLock speedFull tech treeHidden civsTurbo modeCheats
Victory
Defeat
🇹🇷 Bengalis · Türkiye
898
+17
🇲🇽 Poles · Mexico
921
-17
Jason
10:48 Feudal Age
9:08 Loom
12:09 Man-at-Arms
24:36 Horse Collar
24:42 Double-Bit Axe
29:30 Castle Age
29:58 Crossbowman
RIO1000
11:17 Feudal Age
9:35 Loom
13:21 Double-Bit Axe
Connection lost

Rejoining the realm…

Still unreachable

The connection could not be restored.

Session expired

The server has moved on; the page needs a fresh start.